 Dungeon Crawl Stone Soup version 0.30.0-5-g1a98f26d00 (webtiles) character file.

Game seed: 11292311553434808452

144 Rrauwl the Slasher (level 5, -2/46 HPs)
             Began as a Draconian Wanderer on May 8, 2023.
             Was an Initiate of Hepliaklqana.
             Killed from afar by Ijyb (7 damage)
             ... with a puff of flame
             ... on level 3 of the Dungeon.
             The game lasted 00:08:46 (2079 turns).

Rrauwl the Slasher (Draconian Wanderer)             Turns: 2079, Time: 00:08:47

Health: -2/46      AC:  5    Str: 16 (17) XL:     5   Next: 5%
Magic:  5/5        EV: 12    Int:  9 (10) God:    Hepliaklqana [......]
Gold:   50         SH:  0    Dex:  9 (12) Spells: 3/4 levels left

rFire   . . .        a - +4 falchion
rCold   . . .        (no shield)
rNeg    . . .        (body armour unavailable)
rPois   +            (helmet restricted)
rElec   .            (no cloak)
rCorr   .            (no gloves)
SInv    .            (no boots)
Will    .....        (no amulet)
Stlth   +            f - ring of poison resistance
HPRegen 0.27/turn    (no ring)
MPRegen 0.09/turn

%: no passive effects
@: no status effects
A: AC +5, unfitting armour, cold-blooded
a: Renounce Religion


You were on level 3 of the Dungeon.
You worshipped Hepliaklqana.
Hepliaklqana was noncommittal.
You visited 1 branch of the dungeon, and saw 3 of its levels.

You collected 92 gold pieces.
You spent 42 gold pieces at shops.

Inventory:

Hand Weapons
 a - a +4 falchion (weapon)
 b - a +1 short sword of venom
Armour
 j - an orb of guile
Jewellery
 f - a ring of poison resistance (left hand)
 k - the ring of Kindness {Fly rElec rC- rN+ rCorr}
   (You acquired it on level 3 of the Dungeon)

   [ring of flight]

   rC:        It makes you vulnerable to cold.
   rElec:     It insulates you from electricity.
   rN:        It protects you from negative energy.
   Fly:       It grants you flight.
   rCorr:     It protects you from acid and corrosion.
Scrolls
 c - a scroll of fear
 h - a scroll of immolation
 i - a scroll of vulnerability
 m - a scroll of teleportation
Potions
 d - a potion of attraction
 e - a potion of lignification
 g - a potion of cancellation
 n - 2 potions of curing


   Skills:
 - Level 4.0 Fighting
 + Level 5.9 Long Blades
 + Level 2.6 Dodging
 - Level 2.0 Unarmed Combat


You had 3 spell levels left.
You knew the following spells:

 Your Spells              Type           Power      Damage    Failure   Level
a - Magic Dart            Conj           0%         1d3       38%         1

Your spell library contained the following spells:

 Spells                   Type           Power      Damage    Failure   Level
 Sandblast                Erth           0%         2d4       38%         1
 Passwall                 Tmut/Erth      0%         N/A       52%         2
 Searing Ray              Conj           0%         2d4       52%         2
 Stone Arrow              Conj/Erth      0%         3d7       77%         3
 Fulminant Prism          Conj/Hex       0%         3d5       99%         4


Dungeon Overview and Level Annotations

Branches:
Dungeon (3/15)

Altars:
Hepliaklqana
Xom

Shops:
D:2 *=

Annotations:
D:2 Crazy Yiuf
D:3 Ijyb, Robin


Innate Abilities, Weirdness & Mutations

Your plain brown scales are hard. (AC +5)
You cannot fit into any form of body armour.
You are cold-blooded and may be slowed by cold attacks.


Message History

There is an open door here.
Things that are here:
a +0 dagger; a +0 short sword; an orc corpse Ijyb zaps a wand.
The puff of flame hits you.
You hit Ijyb but do no damage.
Ijyb zaps a wand.
The puff of flame hits you!
You completely miss Ijyb. Ijyb closely misses you.
You barely miss Ijyb. Ijyb screams, "Me kill you!"
Ijyb zaps a wand.
The puff of flame misses you.
You barely miss Ijyb. Ijyb hits you but does no damage.
You hit the rat.
You kill the rat!
Ijyb zaps a wand.
The puff of flame misses you.
You barely miss Ijyb.
Ijyb zaps a wand.
The puff of flame hits you!
You hit Ijyb. You tail-slap Ijyb.
Ijyb is moderately wounded.
Ijyb misses you.
You barely miss Ijyb.
Ijyb is moderately wounded.
Ijyb hits you with a +0 dagger.
You barely miss Ijyb. You tail-slap Ijyb.
Ijyb is heavily wounded.
Ijyb hits you with a +0 dagger.
You hit Ijyb but do no damage.
Ijyb is heavily wounded.
Ijyb hits you with a +0 dagger.
You barely miss Ijyb.
Ijyb is heavily wounded.
Ijyb hits you with a +0 dagger.
You closely miss Ijyb.
Ijyb is heavily wounded.
Ijyb hits you but does no damage.
You barely miss Ijyb.
Your tail-slap misses Ijyb.
Ijyb is heavily wounded.
Ijyb zaps a wand.
The puff of flame hits you!
* * * LOW HITPOINT WARNING * * *
You hit Ijyb.
Your tail-slap misses Ijyb.
Ijyb is heavily wounded.
Ijyb zaps a wand.
The puff of flame hits you!
You die...

#.....# ...#
#..#+##... . #.....#
#..# #......... ##
#.....#
#.##+##..P..r...
#.....# #.#..#...####
#.....# #.#..#.⌠.#†.#
#.....###.#))#...'..#
#.......#.##'#..#####
#.....#.........#!..#
#######......Pg@)..(#
##..####..#...# ##.#
+..##+## #.# #...#
#.# #..P# #.. ....#
#.. ...... ######


You could see Ijyb.

Vanquished Creatures
  Jessica (D:2)
  Terence (D:3)
  An adder (D:3)
  3 dart slugs
  A worm (D:2)
  An orc (D:3)
  4 ball pythons
  9 bats
  7 endoplasms
  3 giant cockroaches
  6 goblins
  4 hobgoblins
  2 jackals (D:2)
  11 kobolds
  5 quokkas
  7 frilled lizards
  7 rats
73 creatures vanquished.

Notes
Turn   | Place    | Note
-------+----------+-------------------------------------------
     0 | D:1      | Rrauwl the Draconian Wanderer began the quest for the Orb.
     0 | D:1      | Rrauwl set off with the following items: a +3 falchion, a
                  | scroll of vulnerability, a scroll of fear.
     0 | D:1      | Reached XP level 1. HP: 19/19 MP: 1/1
   102 | D:1      | Reached XP level 2. HP: 26/26 MP: 2/2
   224 | D:1      | Reached skill level 1 in Dodging
   344 | D:1      | Reached XP level 3. HP: 33/33 MP: 3/3
   653 | D:2      | Found a shimmering altar of Xom.
   694 | D:2      | Found Yzuphack's Distillery.
   776 | D:2      | Learned a level 1 spell: Magic Dart
   835 | D:2      | Noticed Jessica
   841 | D:2      | Killed Jessica
   842 | D:2      | Reached XP level 4. HP: 37/40 MP: 4/4
   961 | D:2      | Found a runed translucent door.
   962 | D:2      | Noticed Crazy Yiuf
  1008 | D:2      | Found Cuarabut's Jewellery Boutique.
  1063 | D:2      | Found Plog's Assorted Antiques.
  1071 | D:2      | Bought a scroll labelled IBAERI NAIDINN for 21 gold pieces
  1071 | D:2      | Bought a scroll labelled URGHYU HASOCWO for 21 gold pieces
  1429 | D:2      | HP: 1/40 [Crazy Yiuf/+3 quarterstaff of chaos (21)]
  1748 | D:3      | Found a hazy altar of Hepliaklqana.
  1775 | D:3      | Became a worshipper of Hepliaklqana the Forgotten
  1869 | D:3      | Noticed Terence
  1877 | D:3      | Killed Terence
  1908 | D:3      | Noticed Robin
  2029 | D:3      | Noticed Ijyb
  2056 | D:3      | Identified a scroll of acquirement
  2056 | D:3      | Acquired the ring of Kindness {Fly rElec rC- rN+ rCorr}
  2063 | D:3      | Reached XP level 5. HP: 42/46 MP: 5/5
  2079 | D:3      | Killed from afar by Ijyb

Illustrated notes

Levels and vault maps discovered:
D:1:      pf_arrival_petrified_forest, layout_rooms, minmay_small_reverse_x
D:2:      layout_loops_ring, basic_altar, serial_shops, shop_fountains, shop,
          nicolae_diamond_shop, uniq_jessica, uniq_crazy_yiuf_cottage
D:3:      corexii_shack_village, layout_rooms, old_standard_altar, uniq_ijyb,
          uniq_terence, uniq_robin

Skill      XL: |  1  2  3 |
---------------+----------+-----
Dodging        | 1 2 |  2.6
Fighting       | 4 |  4.0
Long Blades    | |  5.9
Unarmed Combat | |  2.0

Action                     |  1- 3 |  4- 6 || total
---------------------------+-------+-------++-------
  Melee: Falchion          |    90 |    75 ||   165
         Tailslap          |     8 |     6 ||    14
         Punch             |     3 |     1 ||     4
   Cast: Magic Dart        |       |     2 ||     2
    Use: Potion            |     2 |     1 ||     3
         Scroll            |       |    11 ||    11
   Stab: Sleeping          |       |     1 ||     1
 Armour: Skin              |    31 |    15 ||    46
  Dodge: Dodged            |    46 |    31 ||    77
